Map: [ESL] Dragon Scales

Players

SpeCial

  • Race: Terran Terran
  • Spawn Location: 11:00

Astrea - Winner!

  • Race: Protoss Protoss
  • Spawn Location: 5:00

Event: ESL SC2 Masters 2023 Summer (Regionals)

VOD

Have the link to the VOD?

Description

Time

  • Played on: May 20, 2023, 2:07 p.m.
  • Length: 6:57

All games in this series

Show
View Real Time Build Order
Export as new Build Order

SpeCial Terran 

Build Orders:  

Get SALT Encoding   

  12  0:00  SCV  
  13  0:12  SCV  
  14  0:17  Supply Depot  
  14  0:24  SCV  
  15  0:39  SCV  
  15  0:40  Barracks  
  16  0:43  Refinery  
  16  0:51  SCV  
  16  0:54  Refinery  
  17  1:03  SCV  
  18  1:15  SCV  
  19  1:27  Reaper  
  19  1:28  Orbital Command  
  19  1:29  Supply Depot  
  20  1:41  Factory  
  20  1:53  SCV  
  21  1:59  Reaper  
  22  2:05  SCV  
  23  2:17  SCV  
  23  2:22  Command Center  
  24  2:26  Hellion  
  24  2:29  SCV  
  27  2:31  Reaper  
  27  2:36  Supply Depot  
  28  2:42  SCV  
  29  2:47  Hellion  
  31  2:54  Starport  
  31  2:57  SCV  
  32  3:07  Barracks Reactor  
  32  3:09  Factory Tech Lab  
  32  3:10  SCV  
  33  3:22  SCV  
  34  3:30  Cyclone  
  34  3:32  Starport Tech Lab  
  36  3:37  SCV  
  36  3:39  Orbital Command  
  36  3:48  Marine x2  
  33  3:49  SCV  
  33  3:51  Banshee  
  37  3:57  Bunker  
  37  4:01  SCV  
  37  4:02  Siege Tank  
  41  4:06  Marine x2  
  41  4:07  Orbital Command  
  43  4:10  Barracks  
  43  4:17  SCV  
  43  4:23  Marine x2  
  46  4:32  SCV x2  
  46  4:34  Raven  
  50  4:38  Supply Depot  
  50  4:41  Marine  
  52  4:47  SCV x2  
  53  4:55  Marine  
  54  5:00  Barracks, Marine, Siege Tank, SCV x2  
  54  5:01  Supply Depot  
  60  5:07  Refinery  
  60  5:12  SCV x2  
  61  5:17  Engineering Bay, Starport Reactor  
  61  5:24  SCV x2  
  61  5:25  Marauder  
  61  5:26  Marine x2  
  67  5:36  SCV x2  
  66  5:43  Marine  
  66  5:44  Marine  
  66  5:48  SCV x2  
  64  6:05  Marine  
  64  6:06  SCV  
  64  6:07  Marine  
  64  6:08  SCV  
  61  6:18  Marine, Marauder  
  59  6:19  SCV  
  59  6:20  SCV  
  62  6:27  Supply Depot  
  62  6:28  Marine x2  
  62  6:31  SCV  
  62  6:32  SCV  
  67  6:40  Supply Depot  
  67  6:43  SCV  
  67  6:44  SCV  
Show
View Real Time Build Order
Export as new Build Order

Astrea Protoss - Winner!

Build Orders: 1 Gate Expand, Blink Stalkers 

Get SALT Encoding   

  12  0:00  Probe  
  13  0:12  Probe  
  14  0:16  Pylon  
  14  0:24  Probe  
  15  0:34  Gateway  
  15  0:36  Probe (Chrono Boost)  
  15  0:42  Assimilator  
  16  0:46  Probe (Chrono Boost)  
  17  0:52  Probe  
  18  1:04  Probe  
  19  1:16  Probe  
  20  1:21  Cybernetics Core  
  20  1:31  Nexus  
  20  1:34  Probe  
  21  1:41  Pylon  
  21  1:46  Probe  
  22  1:51  Pylon  
  22  1:56  Assimilator  
  22  1:58  Adept (Chrono Boost)  
  24  2:04  Probe  
  25  2:09  Warp Gate  
  25  2:16  Probe  
  25  2:18  Adept (Chrono Boost)  
  28  2:28  Probe  
  29  2:32  Twilight Council  
  29  2:40  Probe  
  29  2:42  Stalker  
  32  2:45  Probe  
  33  2:52  Probe  
  33  2:57  Probe  
  35  3:03  Gateway  
  35  3:04  Probe  
  36  3:09  Stalker (Chrono Boost)  
  38  3:13  Probe  
  38  3:16  Probe  
  38  3:19  Blink (Chrono Boost)  
  40  3:25  Probe  
  41  3:28  Probe  
  42  3:37  Probe  
  42  3:41  Probe  
  37  3:50  Probe  
  37  3:53  Probe, Robotics Facility  
  39  4:02  Probe  
  40  4:04  Gateway  
  40  4:05  Gateway  
  40  4:07  Probe  
  40  4:12  Pylon  
  40  4:14  Probe (Chrono Boost)  
  41  4:22  Stalker  
  41  4:24  Probe (Chrono Boost)  
  44  4:26  Probe (Chrono Boost)  
  46  4:31  Stalker  
  46  4:32  Probe (Chrono Boost)  
  46  4:33  Probe (Chrono Boost)  
  46  4:38  Warp Prism (Chrono Boost)  
  49  4:43  Probe  
  52  4:47  Probe  
  52  4:51  Stalker  
  53  4:53  Pylon  
  53  5:05  Pylon  
  53  5:07  Observer  
  53  5:11  Stalker x3  
  60  5:17  Stalker, Assimilator  
  62  5:23  Probe x2  
  64  5:35  Stalker x2  
  65  5:37  Stalker  
  65  5:40  Probe x2  
  66  5:52  Probe  
  66  5:55  Pylon  
  65  5:59  Stalker  
  65  6:00  Stalker  
  69  6:04  Observer  
  69  6:05  Pylon  
  69  6:09  Observer  
  67  6:19  Stalker x2  
  67  6:24  Stalker x2  
  75  6:35  Nexus  
  74  6:44  Probe  
  69  6:49  Zealot x4  
Tags
 
Add a new tag
Caveats
  • Supply blocks, unpowered buildings, or Contaminate may cause inaccurate times.
  • Supply counts are checked every 10 seconds.